WCHLSIM.com - West Coast Hockey League
html PUBLIC "-//W3C//DTD XHTML 1.0 Transitional//EN" "http://www.w3.org/TR/xhtml1/DTD/xhtml1-transitional.dtd"> WCHL - Game 917 - LONG BEACH BARACUDAS vs KELOWNA ROCKETS

LONG BEACH BARACUDAS vs KELOWNA ROCKETS

Created - 27 février 2020 at 17:59

Goals
1 2 3 OT1 T
LONG BEACH BARACUDAS 1 1 1 0 3
KELOWNA ROCKETS 2 0 1 1 4
Shots
1 2 3 OT1 T
LONG BEACH BARACUDAS 9 8 15 0 32
KELOWNA ROCKETS 7 8 10 3 28

1st period

1. KELOWNA ROCKETS , Vladimir Tarasenko 40 (Auston Matthews 8) at 8:23
2. LONG BEACH BARACUDAS , Derick Brassard 4 (Brendan Gallagher 19, Darcy Kuemper) at 12:45 (PP)
3. KELOWNA ROCKETS , Vladimir Tarasenko 41 (Auston Matthews 9, Jonas Siegenthaler 3) at 17:05

Penalties :
Alexander Ovechkin (KEL) for Interference (Minor) at 9:39, Jonas Siegenthaler (KEL) for Roughing (Minor) at 12:35

2nd period

4. LONG BEACH BARACUDAS , Taylor Hall 24 (Sidney Crosby 56) at 5:34

Penalties :
Justin Schultz (LOB) for Hooking (Minor) at 6:37, Dmitri Orlov (KEL) for Roughing (Minor) at 13:06

3rd period

5. KELOWNA ROCKETS , Evgeny Kuznetsov 21 (Tyler Bertuzzi 25) at 13:27 (PP)
6. LONG BEACH BARACUDAS , Sidney Crosby 34 (Taylor Hall 23, Elias Lindholm 45) at 15:13

Penalties :
Taylor Hall (LOB) for Tripping (Minor) at 2:13, Drew Doughty (KEL) for Hooking (Minor) at 4:44, Derick Brassard (LOB) for Tripping (Minor) at 11:54, Tuukka Rask (KEL) for Delaying the game (Minor) at 17:51 - Anthony Cirelli served the penalty.

Overtime #1

7. KELOWNA ROCKETS , Joakim Nordstrom 4 (Dmitri Orlov 16, Colby Cave 5) at 2:00

Penalties :
No Penalty

Goalie Stats

Darcy Kuemper (LOB), 24 saves from 28 shots - (0,857), OTL, 42-8-4, 62:01 minutes
Tuukka Rask (KEL), 29 saves from 32 shots - (0,906), W, 23-18-2, 62:01 minutes

Players Stats for LONG BEACH BARACUDAS

Player Name              G  A  P  +/- PIM S  H  SB GA TA FO     MP     PP MP  PK MP  
------------------------------------------------------------------------------------
Ben Hutton               0  0  0  -1  0   0  3  2  0  0  0/0    19:21   0:19   1:22 
Brad Richardson          0  0  0   0  0   1  1  0  0  0  3/4     7:53   0:00   3:30 
Brandon Montour          0  0  0   2  0   1  0  0  0  0  0/0    19:42   0:00   2:58 
Brandon Pirri            0  0  0  -1  0   0  0  0  0  0  0/1    16:38   3:32   0:17 
Brendan Gallagher        0  1  1  -1  0   9  0  0  0  0  0/3    17:23   4:34   0:00 
Daniel Carr              0  0  0   0  0   0  0  0  0  0  0/1     4:23   0:00   0:00 
Derick Brassard          1  0  1   0  2   1  0  0  0  0  4/5    12:24   5:44   2:18 
Elias Lindholm           0  1  1   1  0   2  2  0  0  0  2/4    19:12   0:00   1:44 
Igor Ozhiganov           0  0  0  -1  0   0  2  0  0  0  0/0    11:59   0:00   0:00 
J.T. Compher             0  0  0  -1  0   5  1  0  0  0  0/0    17:38   4:53   0:00 
Jordan Oesterle          0  0  0  -1  0   1  0  3  0  0  0/0    18:56   0:48   2:52 
Justin Schultz           0  0  0   2  2   0  0  2  0  0  0/0    20:14   4:21   1:28 
Kyle Palmieri            0  0  0  -1  0   5  2  0  0  0  0/0    18:27   3:32   2:10 
Nolan Patrick            0  0  0  -1  0   1  0  0  0  0  3/11   12:45   0:00   0:00 
Sidney Crosby            1  1  2   2  0   4  0  0  0  0  14/23  22:00   3:32   1:03 
Steven Stamkos           0  0  0  -1  0   1  0  0  0  0  13/24  18:22   4:34   0:00 
Taylor Hall              1  1  2   1  2   1  0  0  0  0  0/0    18:23   0:56   0:00 
Zachary Werenski         0  0  0  -2  0   0  0  0  0  0  0/0    24:49   3:45   2:22 

Players Stats for KELOWNA ROCKETS

Player Name              G  A  P  +/- PIM S  H  SB GA TA FO     MP     PP MP  PK MP  
------------------------------------------------------------------------------------
Adam Fox                 0  0  0   1  0   0  0  1  0  0  0/0    15:28   2:22   0:00 
Alexander Ovechkin       0  0  0  -2  2   6  3  0  0  0  1/3    19:58   3:05   0:59 
Anthony Cirelli          0  0  0  -2  0   0  1  0  0  0  10/22  18:24   0:04   3:24 
Auston Matthews          0  2  2   2  0   5  0  0  0  0  13/24  22:19   3:09   3:32 
Chris Tanev              0  0  0  -1  0   0  2  2  0  0  0/0    18:13   0:00   4:07 
Colby Cave               0  1  1   1  0   0  0  0  0  0  1/4     3:14   0:00   0:00 
Dmitri Orlov             0  1  1   1  2   0  2  1  0  0  0/0    21:00   3:09   1:48 
Drew Doughty             0  0  0  -1  2   2  1  2  0  0  0/0    23:35   2:22   2:59 
Evgeny Kuznetsov         1  0  1   0  0   3  0  0  0  0  7/17   16:58   2:22   0:00 
James van Riemsdyk       0  0  0   0  0   1  0  0  0  0  2/2    16:48   0:00   0:00 
Joakim Nordstrom         1  0  1   1  0   4  0  0  0  0  0/0     7:03   0:00   3:49 
Jonas Siegenthaler       0  1  1   1  2   0  2  3  0  0  0/0    17:15   0:00   3:11 
Nate Schmidt             0  0  0   0  0   0  2  2  0  0  0/0    22:18   3:09   4:07 
Nick Bjugstad            0  0  0   0  0   1  2  1  0  0  3/3    19:04   0:00   4:28 
Nikita Zadorov           0  0  0   0  0   0  2  0  0  0  0/0     4:09   0:00   0:00 
Pavel Buchnevich         0  0  0  -2  0   1  2  0  0  0  0/1    17:18   2:22   0:00 
Tyler Bertuzzi           0  1  1   2  0   0  0  0  0  0  0/0    17:01   2:22   0:00 
Vladimir Tarasenko       2  0  2   2  0   5  1  1  0  0  0/0    17:48   3:09   0:00 

3 Stars

1 - Vladimir Tarasenko (KEL)
2 - Sidney Crosby (LOB)
3 - Auston Matthews (KEL)

Power Play

LONG BEACH BARACUDAS - 1 on 5 Attempt(s) - 20,00%
KELOWNA ROCKETS - 1 on 3 Attempt(s) - 33,33%

Penalty Kill

LONG BEACH BARACUDAS - 2 on 3 Attempt(s) - 66,67% - Score 0 goal in Penalty Kill
KELOWNA ROCKETS - 4 on 5 Attempt(s) - 80,00% - Score 0 goal in Penalty Kill

Team Stat

LONG BEACH BARACUDAS - Hits : 11 - Faceoff Wins : 39 - Blocked Shots : 7 - Penalty Minutes : 6
KELOWNA ROCKETS - Hits : 20 - Faceoff Wins : 37 - Blocked Shots : 13 - Penalty Minutes : 10

Official

Referees : Jon Mclsaac and Eric Furlatt
Linesman : Pat Richardson and Jim Vail

Game Notes

No Game Note

Finance

Level 1 -- Attendance: 3779 (57,26%) -- Ticket Income 718 010 $
Level 2 -- Attendance: 3310 (59,11%) -- Ticket Income 413 750 $
Level 3 -- Attendance: 1317 (41,16%) -- Ticket Income 131 700 $
Level 4 -- Attendance: 2871 (51,27%) -- Ticket Income 186 615 $
Luxury Box -- Attendance: 633 (63,30%) -- Ticket Income 215 220 $
Game was played at the Cherepanov Coliseum.
Total Attendance: 11910 (54,14%)
Total Ticket Income: 1 665 295 $
Other Income: 499 588 $
Total Income: 2 164 883 $

LONG BEACH BARACUDAS

5 vs 5 Forward 
   Center                   Left Wing                Right Wing               Time % Phy DF OF 
 1 Sidney Crosby            Taylor Hall              Elias Lindholm           35     0   1  4  
 2 Steven Stamkos           Brandon Pirri            Brendan Gallagher        29     0   1  4  
 3 Nolan Patrick            J.T. Compher             Kyle Palmieri            28     0   2  3  
 4 Brad Richardson          Daniel Carr              Derick Brassard          8      0   3  2  

5 vs 5 Defense 
   Defense                  Defense                                           Time % Phy DF OF 
 1 Ben Hutton               Zachary Werenski                                  36     0   2  3  
 2 Justin Schultz           Brandon Montour                                   31     0   3  2  
 3 Igor Ozhiganov           Jordan Oesterle                                   23     0   3  2  
 4 Brandon Montour          Jordan Oesterle                                   10     0   3  2  

PowerPlay Forward 
   Center                   Left Wing                Right Wing               Time % Phy DF OF 
 1 Sidney Crosby            Brandon Pirri            Kyle Palmieri            51     0   0  5  
 2 Steven Stamkos           J.T. Compher             Brendan Gallagher        49     0   0  5  

PowerPlay Defense
   Defense                  Defense                                           Time % Phy DF OF 
 1 J.T. Compher             Justin Schultz                                    55     0   1  4  
 2 Zachary Werenski         Derick Brassard                                   45     0   1  4  

Penalty Kill 4 Players Forward 
   Center                   Wing                     Time % Phy DF OF 
 1 Derick Brassard          Brad Richardson          55     0   3  2  
 2 Elias Lindholm           Kyle Palmieri            45     0   3  2  

Penalty Kill 4 Players Defense
   Defense                  Defense                  Time % Phy DF OF 
 1 Brandon Montour          Jordan Oesterle          55     0   5  0  
 2 Zachary Werenski         Justin Schultz           45     0   5  0  

Penalty Kill - 3 Players Forward 
   Forward                                           Time % Phy DF OF 
 1 J.T. Compher                                      55     0   4  1  
 2 Derick Brassard                                   45     0   4  1  

Penalty Kill - 3 Players Defense
   Defense                  Defense                  Time % Phy DF OF 
 1 Ben Hutton               Brandon Montour          55     1   2  2  
 2 Justin Schultz           Jordan Oesterle          45     1   2  2  

4 vs 4 Forward 
   Center                   Wing                     Time % Phy DF OF 
 1 Elias Lindholm           Kyle Palmieri            55     0   3  2  
 2 Nolan Patrick            Daniel Carr              45     0   3  2  

4 vs 4 Defense
   Defense                  Defense                  Time % Phy DF OF 
 1 Igor Ozhiganov           Brandon Montour          55     0   3  2  
 2 Jordan Oesterle          Justin Schultz           45     0   3  2  

Last Minutes Offensive
   Center                   Left Wing                Right Wing               Defense                  Defense                  
   Sidney Crosby            Brandon Pirri            Elias Lindholm           Justin Schultz           Zachary Werenski         

Last Minutes Defensive
   Center                   Left Wing                Right Wing               Defense                  Defense                  
   J.T. Compher             Brad Richardson          Elias Lindholm           Justin Schultz           Zachary Werenski         

Goaltenders
Starting : Darcy Kuemper            
Backup : Brian Elliott            

Extra Forwards
Normal : Kyle Palmieri, Brendan Gallagher, Elias Lindholm - PP : Derick Brassard, Kyle Palmieri - PK : Kyle Palmieri
Extra Defensemen
Normal : Jordan Oesterle, Justin Schultz, Brandon Montour - PP : Jordan Oesterle - PK : Ben Hutton, Brandon Montour
Penalty Shots
Sidney Crosby, Steven Stamkos, Elias Lindholm, Brandon Pirri, Kyle Palmieri
Custom OT Lines Forwards
Sidney Crosby, Steven Stamkos, Elias Lindholm, Taylor Hall, Brandon Pirri, Brendan Gallagher, Kyle Palmieri, J.T. Compher, Derick Brassard, Brad Richardson
Custom OT Lines Defensemen
Justin Schultz, Zachary Werenski, Brandon Montour, Ben Hutton, Jordan Oesterle

Scratches
Alex Pietrangelo (Sprained Right Finger Injury)

KELOWNA ROCKETS

5 vs 5 Forward 
   Center                   Left Wing                Right Wing               Time % Phy DF OF 
 1 Auston Matthews          Tyler Bertuzzi           Vladimir Tarasenko       34     0   2  3  
 2 Anthony Cirelli          Pavel Buchnevich         Alexander Ovechkin       34     0   2  3  
 3 Evgeny Kuznetsov         James van Riemsdyk       Nick Bjugstad            32     0   2  2  
 4 Colby Cave               James van Riemsdyk       Joakim Nordstrom         0      1   3  1  

5 vs 5 Defense 
   Defense                  Defense                                           Time % Phy DF OF 
 1 Drew Doughty             Chris Tanev                                       34     1   2  2  
 2 Dmitri Orlov             Nate Schmidt                                      33     1   2  2  
 3 Adam Fox                 Jonas Siegenthaler                                23     1   2  2  
 4 Drew Doughty             Nikita Zadorov                                    10     1   2  2  

PowerPlay Forward 
   Center                   Left Wing                Right Wing               Time % Phy DF OF 
 1 Alexander Ovechkin       Auston Matthews          Vladimir Tarasenko       56     0   1  4  
 2 Evgeny Kuznetsov         Tyler Bertuzzi           Pavel Buchnevich         44     0   2  3  

PowerPlay Defense
   Defense                  Defense                                           Time % Phy DF OF 
 1 Adam Fox                 Drew Doughty                                      55     1   1  3  
 2 Dmitri Orlov             Nate Schmidt                                      45     1   1  3  

Penalty Kill 4 Players Forward 
   Center                   Wing                     Time % Phy DF OF 
 1 Anthony Cirelli          Nick Bjugstad            55     1   3  1  
 2 Auston Matthews          Joakim Nordstrom         45     1   3  1  

Penalty Kill 4 Players Defense
   Defense                  Defense                  Time % Phy DF OF 
 1 Nate Schmidt             Chris Tanev              55     1   3  1  
 2 Drew Doughty             Jonas Siegenthaler       45     1   3  1  

Penalty Kill - 3 Players Forward 
   Forward                                           Time % Phy DF OF 
 1 Anthony Cirelli                                   55     0   5  0  
 2 Auston Matthews                                   45     0   5  0  

Penalty Kill - 3 Players Defense
   Defense                  Defense                  Time % Phy DF OF 
 1 Drew Doughty             Nate Schmidt             55     0   5  0  
 2 Dmitri Orlov             Chris Tanev              45     0   5  0  

4 vs 4 Forward 
   Center                   Wing                     Time % Phy DF OF 
 1 Auston Matthews          Vladimir Tarasenko       50     1   2  2  
 2 Evgeny Kuznetsov         Alexander Ovechkin       50     1   2  2  

4 vs 4 Defense
   Defense                  Defense                  Time % Phy DF OF 
 1 Drew Doughty             Nate Schmidt             50     1   2  2  
 2 Adam Fox                 Drew Doughty             50     1   2  2  

Last Minutes Offensive
   Center                   Left Wing                Right Wing               Defense                  Defense                  
   Auston Matthews          Alexander Ovechkin       Vladimir Tarasenko       Evgeny Kuznetsov         Drew Doughty             

Last Minutes Defensive
   Center                   Left Wing                Right Wing               Defense                  Defense                  
   Anthony Cirelli          Auston Matthews          Vladimir Tarasenko       Drew Doughty             Chris Tanev              

Goaltenders
Starting : Tuukka Rask              
Backup : Marcus Hogberg           

Extra Forwards
Normal : Colby Cave, Alexander Ovechkin, Auston Matthews - PP : Vladimir Tarasenko, Evgeny Kuznetsov - PK : Joakim Nordstrom
Extra Defensemen
Normal : Dmitri Orlov, Jonas Siegenthaler, Nikita Zadorov - PP : Drew Doughty - PK : Dmitri Orlov, Nate Schmidt
Penalty Shots
Alexander Ovechkin, Auston Matthews, Vladimir Tarasenko, Evgeny Kuznetsov, Tyler Bertuzzi
Custom OT Lines Forwards
Joakim Nordstrom, Colby Cave, Alexander Ovechkin, Auston Matthews, Vladimir Tarasenko, Evgeny Kuznetsov, James van Riemsdyk, Anthony Cirelli, Tyler Bertuzzi, Nick Bjugstad
Custom OT Lines Defensemen
Dmitri Orlov, Jonas Siegenthaler, Nikita Zadorov, Drew Doughty, Nate Schmidt

Scratches
Duncan Siemens (Healthy), Jordan Eberle (Strained Groin Injury), Zack Mitchell (Healthy)

% Time on Ice - LONG BEACH BARACUDAS

Lines # - Real PCT - Wanted PCT - Time Play
Normal Forward
1 - 35% - 35% - 16:26
2 - 28% - 29% - 12:49
3 - 27% - 28% - 12:45
4 - 9% - 8% - 4:23
Normal Defense
1 - 38% - 36% - 17:40
2 - 29% - 31% - 13:27
3 - 26% - 23% - 11:59
4 - 7% - 10% - 3:17
PP Forward
1 - 44% - 51% - 3:32
2 - 56% - 49% - 4:34
PP Defense
1 - 54% - 55% - 4:21
2 - 46% - 45% - 3:45
PK Forward
1 - 69% - 55% - 3:47
2 - 31% - 45% - 1:44
PK Defense
1 - 52% - 55% - 2:52
2 - 48% - 45% - 2:39
PK3 Forward
1 - 0% - 55%
2 - 0% - 45%
PK3 Defense
1 - 0% - 55%
2 - 0% - 45%
44 Forward
1 - 0% - 55%
2 - 0% - 45%
44 Defense
1 - 0% - 55%
2 - 0% - 45%
Last Minute Offensive  - 0:00
Last Minute Defensive  - 0:00
Total
Forward - 60:00
Defense - 60:00

% Time on Ice - KELOWNA ROCKETS

Lines # - Real PCT - Wanted PCT - Time Play
Normal Forward
1 - 32% - 34% - 14:39
2 - 32% - 34% - 14:56
3 - 31% - 32% - 14:36
4 - 5% - 0% - 2:12
Normal Defense
1 - 30% - 34% - 14:06
2 - 32% - 33% - 15:02
3 - 28% - 23% - 13:06
4 - 9% - 10% - 4:09
PP Forward
1 - 57% - 56% - 3:09
2 - 43% - 44% - 2:22
PP Defense
1 - 43% - 55% - 2:22
2 - 57% - 45% - 3:09
PK Forward
1 - 67% - 55% - 5:27
2 - 33% - 45% - 2:39
PK Defense
1 - 51% - 55% - 4:07
2 - 49% - 45% - 3:59
PK3 Forward
1 - 0% - 55%
2 - 0% - 45%
PK3 Defense
1 - 0% - 55%
2 - 0% - 45%
44 Forward
1 - 0% - 50%
2 - 0% - 50%
44 Defense
1 - 0% - 50%
2 - 0% - 50%
Last Minute Offensive  - 0:00
Last Minute Defensive  - 0:00
Total
Forward - 60:00
Defense - 60:00

Play-by-Play

1st period


0:01 of 1st period - Auston Matthews wins face-off versus Sidney Crosby in neutral zone.
0:03 of 1st period - Off-side.
0:04 of 1st period - Anthony Cirelli wins face-off versus Steven Stamkos in neutral zone.
0:16 of 1st period - Icing by Steven Stamkos.
0:17 of 1st period - Steven Stamkos wins face-off versus Evgeny Kuznetsov in LONG BEACH BARACUDAS zone.
0:26 of 1st period - Shot by Brendan Gallagher.
0:26 of 1st period - Stopped by Tuukka Rask without a rebound.
0:27 of 1st period - Auston Matthews wins face-off versus Nolan Patrick in KELOWNA ROCKETS zone.
1:51 of 1st period - Shot by Evgeny Kuznetsov.
1:51 of 1st period - Shot Misses the Net.
2:12 of 1st period - Sidney Crosby is hit by Dmitri Orlov and loses puck.
3:26 of 1st period - Icing by Drew Doughty.
3:27 of 1st period - Brad Richardson wins face-off versus Colby Cave in KELOWNA ROCKETS zone.
3:54 of 1st period - Shot by James van Riemsdyk.
3:54 of 1st period - Shot Hit the Post.
3:56 of 1st period - Shot by Colby Cave.
3:56 of 1st period - Shot Misses the Net.
4:16 of 1st period - Shot by Vladimir Tarasenko.
4:16 of 1st period - Shot Blocked by Jordan Oesterle.
5:30 of 1st period - Shot by Taylor Hall.
5:30 of 1st period - Shot Blocked by Adam Fox.
5:32 of 1st period - Shot by Elias Lindholm.
5:32 of 1st period - Shot Blocked by Jonas Siegenthaler.
5:56 of 1st period - J.T. Compher is hit by Jonas Siegenthaler and loses puck.
6:05 of 1st period - Shot by Kyle Palmieri.
6:05 of 1st period - Shot Misses the Net.
6:07 of 1st period - Shot by Nolan Patrick.
6:07 of 1st period - Stopped by Tuukka Rask without a rebound.
6:08 of 1st period - Steven Stamkos wins face-off versus Evgeny Kuznetsov in KELOWNA ROCKETS zone.
6:34 of 1st period - Shot by James van Riemsdyk.
6:34 of 1st period - Shot Misses the Net.
7:40 of 1st period - Shot by Sidney Crosby.
7:40 of 1st period - Stopped by Tuukka Rask with a rebound.
7:42 of 1st period - Shot by Elias Lindholm.
7:42 of 1st period - Stopped by Tuukka Rask without a rebound.
7:43 of 1st period - Auston Matthews wins face-off versus Nolan Patrick in KELOWNA ROCKETS zone.
8:21 of 1st period - Shot by Auston Matthews.
8:21 of 1st period - Stopped by Darcy Kuemper with a rebound.
8:23 of 1st period - Shot by Vladimir Tarasenko.
8:23 of 1st period - Goal by Vladimir Tarasenko - LONG BEACH BARACUDAS : 0 - KELOWNA ROCKETS : 1.
8:24 of 1st period - Sidney Crosby wins face-off versus Evgeny Kuznetsov in neutral zone.
8:46 of 1st period - Icing by Elias Lindholm.
8:47 of 1st period - Sidney Crosby wins face-off versus Anthony Cirelli in LONG BEACH BARACUDAS zone.
8:47 of 1st period - Sidney Crosby is hit by Alexander Ovechkin.
8:55 of 1st period - Dmitri Orlov is hit by Elias Lindholm and loses puck.
9:21 of 1st period - Shot by Sidney Crosby.
9:21 of 1st period - Shot Blocked by Nate Schmidt.
9:37 of 1st period - Jordan Oesterle is hit by Alexander Ovechkin and loses puck.
9:39 of 1st period - Minor Penalty to Alexander Ovechkin for Interference.
9:40 of 1st period - Auston Matthews wins face-off versus Steven Stamkos in KELOWNA ROCKETS zone.
10:11 of 1st period - Shot by J.T. Compher.
10:11 of 1st period - Stopped by Tuukka Rask without a rebound.
10:12 of 1st period - Nick Bjugstad wins face-off versus Sidney Crosby in KELOWNA ROCKETS zone.
10:38 of 1st period - Shot by Sidney Crosby.
10:38 of 1st period - Deflect By Kyle Palmieri.
10:38 of 1st period - Shot Misses the Net.
10:45 of 1st period - Icing by Sidney Crosby.
10:46 of 1st period - Auston Matthews wins face-off versus Sidney Crosby in LONG BEACH BARACUDAS zone.
11:03 of 1st period - Shot by Auston Matthews.
11:03 of 1st period - Stopped by Darcy Kuemper with a rebound.
11:27 of 1st period - Shot by J.T. Compher.
11:27 of 1st period - Stopped by Tuukka Rask without a rebound.
11:28 of 1st period - Steven Stamkos wins face-off versus Anthony Cirelli in KELOWNA ROCKETS zone.
11:29 of 1st period - Shot by Taylor Hall.
11:29 of 1st period - Shot Misses the Net.
11:31 of 1st period - Shot by Brendan Gallagher.
11:31 of 1st period - Stopped by Tuukka Rask without a rebound.
11:32 of 1st period - Auston Matthews wins face-off versus Steven Stamkos in KELOWNA ROCKETS zone.
12:17 of 1st period - Shot by Auston Matthews.
12:17 of 1st period - Stopped by Darcy Kuemper without a rebound.
12:18 of 1st period - Sidney Crosby wins face-off versus Evgeny Kuznetsov in LONG BEACH BARACUDAS zone.
12:34 of 1st period - Icing by Jonas Siegenthaler.
12:35 of 1st period - Steven Stamkos wins face-off versus Evgeny Kuznetsov in KELOWNA ROCKETS zone.
12:35 of 1st period - Minor Penalty to Jonas Siegenthaler for Roughing.
12:36 of 1st period - Anthony Cirelli wins face-off versus Steven Stamkos in KELOWNA ROCKETS zone.
12:45 of 1st period - Shot by Derick Brassard.
12:45 of 1st period - Goal by Derick Brassard - LONG BEACH BARACUDAS : 1 - KELOWNA ROCKETS : 1.
12:46 of 1st period - Evgeny Kuznetsov wins face-off versus Brendan Gallagher in neutral zone.
13:10 of 1st period - Shot by Steven Stamkos.
13:10 of 1st period - Shot Misses the Net.
13:12 of 1st period - Shot by Ben Hutton.
13:12 of 1st period - Shot Misses the Net.
13:50 of 1st period - Shot by Pavel Buchnevich.
13:50 of 1st period - Stopped by Darcy Kuemper without a rebound.
13:51 of 1st period - Sidney Crosby wins face-off versus Auston Matthews in LONG BEACH BARACUDAS zone.
15:23 of 1st period - Shot by J.T. Compher.
15:23 of 1st period - Shot Misses the Net.
15:31 of 1st period - Nate Schmidt is hit by Kyle Palmieri and loses puck.
15:52 of 1st period - Icing by Chris Tanev.
15:53 of 1st period - Steven Stamkos wins face-off versus Evgeny Kuznetsov in KELOWNA ROCKETS zone.
15:54 of 1st period - Shot by Brendan Gallagher.
15:54 of 1st period - Stopped by Tuukka Rask without a rebound.
15:55 of 1st period - Nick Bjugstad wins face-off versus Brendan Gallagher in KELOWNA ROCKETS zone.
16:53 of 1st period - Shot by Vladimir Tarasenko.
16:53 of 1st period - Stopped by Darcy Kuemper with a rebound.
16:55 of 1st period - Shot by Auston Matthews.
16:55 of 1st period - Shot Misses the Net.
17:03 of 1st period - Shot by Auston Matthews.
17:03 of 1st period - Shot Misses the Net.
17:05 of 1st period - Shot by Vladimir Tarasenko.
17:05 of 1st period - Goal by Vladimir Tarasenko - LONG BEACH BARACUDAS : 1 - KELOWNA ROCKETS : 2.
17:06 of 1st period - Anthony Cirelli wins face-off versus Sidney Crosby in neutral zone.
17:09 of 1st period - Elias Lindholm is hit by Anthony Cirelli and loses puck.
17:20 of 1st period - Dmitri Orlov is hit by Elias Lindholm and loses puck.
18:31 of 1st period - Shot by J.T. Compher.
18:31 of 1st period - Shot Misses the Net.
18:38 of 1st period - Off-side.
18:39 of 1st period - James van Riemsdyk wins face-off versus Daniel Carr in neutral zone.
18:44 of 1st period - Derick Brassard is hit by Nick Bjugstad and loses puck.
19:20 of 1st period - Shot by Daniel Carr.
19:20 of 1st period - Shot Misses the Net.
Goals for this period are 1 for LONG BEACH BARACUDAS vs 2 for KELOWNA ROCKETS.
Shots for this period are 9 for LONG BEACH BARACUDAS vs 7 for KELOWNA ROCKETS.

2nd period


0:01 of 2nd period - Elias Lindholm wins face-off versus Anthony Cirelli in neutral zone.
0:29 of 2nd period - Icing by Chris Tanev.
0:30 of 2nd period - Steven Stamkos wins face-off versus Pavel Buchnevich in KELOWNA ROCKETS zone.
0:37 of 2nd period - Shot by Alexander Ovechkin.
0:37 of 2nd period - Stopped by Darcy Kuemper with a rebound.
0:45 of 2nd period - Shot by Brandon Pirri.
0:45 of 2nd period - Shot Blocked by Chris Tanev.
0:55 of 2nd period - Shot by Brendan Gallagher.
0:55 of 2nd period - Shot Misses the Net.
0:58 of 2nd period - Icing by Chris Tanev.
0:59 of 2nd period - Anthony Cirelli wins face-off versus Nolan Patrick in KELOWNA ROCKETS zone.
1:21 of 2nd period - Shot by James van Riemsdyk.
1:21 of 2nd period - Shot Misses the Net.
1:27 of 2nd period - Dmitri Orlov is hit by J.T. Compher and loses puck.
1:38 of 2nd period - Shot by J.T. Compher.
1:38 of 2nd period - Shot Misses the Net.
1:40 of 2nd period - Shot by J.T. Compher.
1:40 of 2nd period - Shot Blocked by Nick Bjugstad.
2:01 of 2nd period - Sidney Crosby is hit by Dmitri Orlov and loses puck.
2:14 of 2nd period - Shot by Elias Lindholm.
2:14 of 2nd period - Shot Blocked by Dmitri Orlov.
2:27 of 2nd period - Elias Lindholm is hit by Nate Schmidt and loses puck.
2:54 of 2nd period - Shot by Brendan Gallagher.
2:54 of 2nd period - Stopped by Tuukka Rask without a rebound.
2:55 of 2nd period - Auston Matthews wins face-off versus Steven Stamkos in KELOWNA ROCKETS zone.
3:01 of 2nd period - Shot by Chris Tanev.
3:01 of 2nd period - Shot Misses the Net.
3:03 of 2nd period - Shot by Vladimir Tarasenko.
3:03 of 2nd period - Shot Misses the Net.
3:10 of 2nd period - Vladimir Tarasenko is hit by Igor Ozhiganov and loses puck.
3:54 of 2nd period - Icing by Jordan Oesterle.
3:55 of 2nd period - Anthony Cirelli wins face-off versus Steven Stamkos in LONG BEACH BARACUDAS zone.
3:55 of 2nd period - Adam Fox is hit by Igor Ozhiganov and loses puck.
5:13 of 2nd period - Taylor Hall is hit by Jonas Siegenthaler and loses puck.
5:34 of 2nd period - Shot by Taylor Hall.
5:34 of 2nd period - Goal by Taylor Hall - LONG BEACH BARACUDAS : 2 - KELOWNA ROCKETS : 2.
5:35 of 2nd period - Auston Matthews wins face-off versus Nolan Patrick in neutral zone.
5:55 of 2nd period - Shot by Auston Matthews.
5:55 of 2nd period - Stopped by Darcy Kuemper without a rebound.
5:56 of 2nd period - Brad Richardson wins face-off versus Evgeny Kuznetsov in LONG BEACH BARACUDAS zone.
5:56 of 2nd period - Brad Richardson is hit by Nick Bjugstad.
6:30 of 2nd period - Shot by Evgeny Kuznetsov.
6:30 of 2nd period - Stopped by Darcy Kuemper without a rebound.
6:31 of 2nd period - Auston Matthews wins face-off versus Nolan Patrick in LONG BEACH BARACUDAS zone.
6:32 of 2nd period - Shot by Vladimir Tarasenko.
6:32 of 2nd period - Shot Blocked by Justin Schultz.
6:37 of 2nd period - Minor Penalty to Justin Schultz for Hooking.
6:38 of 2nd period - Derick Brassard wins face-off versus Alexander Ovechkin in LONG BEACH BARACUDAS zone.
6:38 of 2nd period - Derick Brassard is hit by Alexander Ovechkin.
6:56 of 2nd period - Shot by Alexander Ovechkin.
6:56 of 2nd period - Stopped by Darcy Kuemper without a rebound.
6:57 of 2nd period - Evgeny Kuznetsov wins face-off versus Elias Lindholm in LONG BEACH BARACUDAS zone.
6:58 of 2nd period - Shot by Drew Doughty.
6:58 of 2nd period - Shot Misses the Net.
7:00 of 2nd period - Shot by Drew Doughty.
7:00 of 2nd period - Stopped by Darcy Kuemper without a rebound.
7:01 of 2nd period - Derick Brassard wins face-off versus Evgeny Kuznetsov in LONG BEACH BARACUDAS zone.
7:24 of 2nd period - Shot by Evgeny Kuznetsov.
7:24 of 2nd period - Shot Blocked by Ben Hutton.
8:53 of 2nd period - Shot by Brendan Gallagher.
8:53 of 2nd period - Shot Misses the Net.
8:58 of 2nd period - Off-side.
8:59 of 2nd period - Evgeny Kuznetsov wins face-off versus Sidney Crosby in neutral zone.
9:08 of 2nd period - Shot by Elias Lindholm.
9:08 of 2nd period - Deflect By Sidney Crosby.
9:08 of 2nd period - Stopped by Tuukka Rask with a rebound.
10:18 of 2nd period - Auston Matthews is hit by Ben Hutton.
10:49 of 2nd period - Shot by Vladimir Tarasenko.
10:49 of 2nd period - Shot Misses the Net.
10:51 of 2nd period - Shot by Drew Doughty.
10:51 of 2nd period - Stopped by Darcy Kuemper without a rebound.
10:52 of 2nd period - Anthony Cirelli wins face-off versus Brad Richardson in LONG BEACH BARACUDAS zone.
11:05 of 2nd period - Anthony Cirelli is hit by Brad Richardson and loses puck.
11:22 of 2nd period - Icing by Nate Schmidt.
11:23 of 2nd period - Anthony Cirelli wins face-off versus Sidney Crosby in KELOWNA ROCKETS zone.
12:00 of 2nd period - Shot by Sidney Crosby.
12:00 of 2nd period - Shot Blocked by Drew Doughty.
12:10 of 2nd period - Sidney Crosby is hit by Vladimir Tarasenko.
12:11 of 2nd period - Icing by Sidney Crosby.
12:12 of 2nd period - Sidney Crosby wins face-off versus Evgeny Kuznetsov in LONG BEACH BARACUDAS zone.
12:14 of 2nd period - Icing by Elias Lindholm.
12:15 of 2nd period - Auston Matthews wins face-off versus Sidney Crosby in LONG BEACH BARACUDAS zone.
12:26 of 2nd period - Shot by Vladimir Tarasenko.
12:26 of 2nd period - Shot Misses the Net.
12:46 of 2nd period - Shot by Kyle Palmieri.
12:46 of 2nd period - Shot Blocked by Chris Tanev.
12:48 of 2nd period - Shot by Kyle Palmieri.
12:48 of 2nd period - Deflect By J.T. Compher.
12:48 of 2nd period - Stopped by Tuukka Rask without a rebound.
12:49 of 2nd period - Steven Stamkos wins face-off versus Anthony Cirelli in KELOWNA ROCKETS zone.
12:51 of 2nd period - Brendan Gallagher is hit by Nate Schmidt.
13:06 of 2nd period - Minor Penalty to Dmitri Orlov for Roughing.
13:07 of 2nd period - Nick Bjugstad wins face-off versus Steven Stamkos in KELOWNA ROCKETS zone.
13:36 of 2nd period - Shot by Brendan Gallagher.
13:36 of 2nd period - Deflect By Steven Stamkos.
13:36 of 2nd period - Shot Blocked by Nate Schmidt.
13:38 of 2nd period - Shot by J.T. Compher.
13:38 of 2nd period - Stopped by Tuukka Rask without a rebound.
13:39 of 2nd period - Auston Matthews wins face-off versus Sidney Crosby in KELOWNA ROCKETS zone.
13:45 of 2nd period - Icing by Zachary Werenski.
13:46 of 2nd period - Sidney Crosby wins face-off versus Auston Matthews in LONG BEACH BARACUDAS zone.
13:51 of 2nd period - Shot by Derick Brassard.
13:51 of 2nd period - Shot Blocked by Jonas Siegenthaler.
15:20 of 2nd period - Shot by Elias Lindholm.
15:20 of 2nd period - Stopped by Tuukka Rask without a rebound.
15:21 of 2nd period - Evgeny Kuznetsov wins face-off versus Nolan Patrick in KELOWNA ROCKETS zone.
15:36 of 2nd period - Shot by James van Riemsdyk.
15:36 of 2nd period - Shot Blocked by Ben Hutton.
15:45 of 2nd period - Kyle Palmieri is hit by Nikita Zadorov and loses puck.
15:55 of 2nd period - Kyle Palmieri is hit by Nikita Zadorov and loses puck.
16:19 of 2nd period - Shot by Brandon Pirri.
16:19 of 2nd period - Shot Misses the Net.
16:52 of 2nd period - Icing by Justin Schultz.
16:53 of 2nd period - Anthony Cirelli wins face-off versus Steven Stamkos in LONG BEACH BARACUDAS zone.
16:56 of 2nd period - Shot by Alexander Ovechkin.
16:56 of 2nd period - Stopped by Darcy Kuemper with a rebound.
17:29 of 2nd period - Shot by Sidney Crosby.
17:29 of 2nd period - Shot Misses the Net.
17:31 of 2nd period - Shot by Sidney Crosby.
17:31 of 2nd period - Shot Misses the Net.
17:33 of 2nd period - Shot by Jordan Oesterle.
17:33 of 2nd period - Stopped by Tuukka Rask without a rebound.
17:34 of 2nd period - Brad Richardson wins face-off versus Auston Matthews in KELOWNA ROCKETS zone.
18:12 of 2nd period - Shot by Brad Richardson.
18:12 of 2nd period - Stopped by Tuukka Rask without a rebound.
18:13 of 2nd period - Sidney Crosby wins face-off versus Colby Cave in KELOWNA ROCKETS zone.
18:13 of 2nd period - Elias Lindholm is hit by Drew Doughty and loses puck.
18:20 of 2nd period - Shot by Joakim Nordstrom.
18:20 of 2nd period - Stopped by Darcy Kuemper without a rebound.
18:21 of 2nd period - Nolan Patrick wins face-off versus Anthony Cirelli in LONG BEACH BARACUDAS zone.
19:03 of 2nd period - Shot by Pavel Buchnevich.
19:03 of 2nd period - Shot Misses the Net.
19:05 of 2nd period - Shot by Anthony Cirelli.
19:05 of 2nd period - Shot Blocked by Justin Schultz.
Goals for this period are 1 for LONG BEACH BARACUDAS vs 0 for KELOWNA ROCKETS.
Shots for this period are 8 for LONG BEACH BARACUDAS vs 8 for KELOWNA ROCKETS.

3rd period


0:01 of 3rd period - Evgeny Kuznetsov wins face-off versus Sidney Crosby in neutral zone.
0:03 of 3rd period - Drew Doughty is hit by Ben Hutton and loses puck.
0:46 of 3rd period - Shot by Sidney Crosby.
0:46 of 3rd period - Stopped by Tuukka Rask without a rebound.
0:47 of 3rd period - Steven Stamkos wins face-off versus Auston Matthews in KELOWNA ROCKETS zone.
0:50 of 3rd period - Shot by Brendan Gallagher.
0:50 of 3rd period - Stopped by Tuukka Rask without a rebound.
0:51 of 3rd period - Steven Stamkos wins face-off versus Auston Matthews in KELOWNA ROCKETS zone.
0:52 of 3rd period - Shot by Brendan Gallagher.
0:52 of 3rd period - Shot Misses the Net.
0:54 of 3rd period - Shot by Brandon Pirri.
0:54 of 3rd period - Shot Blocked by Vladimir Tarasenko.
1:14 of 3rd period - Shot by Brendan Gallagher.
1:14 of 3rd period - Stopped by Tuukka Rask without a rebound.
1:15 of 3rd period - Sidney Crosby wins face-off versus Anthony Cirelli in KELOWNA ROCKETS zone.
1:51 of 3rd period - Shot by Elias Lindholm.
1:51 of 3rd period - Shot Blocked by Jonas Siegenthaler.
2:13 of 3rd period - Minor Penalty to Taylor Hall for Tripping.
2:14 of 3rd period - Derick Brassard wins face-off versus Alexander Ovechkin in LONG BEACH BARACUDAS zone.
2:57 of 3rd period - Dmitri Orlov is hit by Kyle Palmieri and loses puck.
3:28 of 3rd period - Elias Lindholm is hit by Pavel Buchnevich and loses puck.
4:26 of 3rd period - Shot by Kyle Palmieri.
4:26 of 3rd period - Stopped by Tuukka Rask with a rebound.
4:40 of 3rd period - Shot by Kyle Palmieri.
4:40 of 3rd period - Shot Misses the Net.
4:44 of 3rd period - Minor Penalty to Drew Doughty for Hooking.
4:45 of 3rd period - Anthony Cirelli wins face-off versus Steven Stamkos in KELOWNA ROCKETS zone.
5:42 of 3rd period - Icing by Sidney Crosby.
5:43 of 3rd period - Auston Matthews wins face-off versus Brandon Pirri in LONG BEACH BARACUDAS zone.
5:44 of 3rd period - Shot by Joakim Nordstrom.
5:44 of 3rd period - Stopped by Darcy Kuemper without a rebound.
5:45 of 3rd period - Sidney Crosby wins face-off versus Auston Matthews in LONG BEACH BARACUDAS zone.
5:52 of 3rd period - Shot by Kyle Palmieri.
5:52 of 3rd period - Stopped by Tuukka Rask without a rebound.
5:53 of 3rd period - Sidney Crosby wins face-off versus Anthony Cirelli in KELOWNA ROCKETS zone.
5:53 of 3rd period - Kyle Palmieri is hit by Chris Tanev and loses puck.
6:07 of 3rd period - Shot by Sidney Crosby.
6:07 of 3rd period - Deflect By Kyle Palmieri.
6:07 of 3rd period - Stopped by Tuukka Rask with a rebound.
6:09 of 3rd period - Shot by Sidney Crosby.
6:09 of 3rd period - Shot Misses the Net.
6:11 of 3rd period - Shot by J.T. Compher.
6:11 of 3rd period - Stopped by Tuukka Rask without a rebound.
6:12 of 3rd period - Steven Stamkos wins face-off versus Auston Matthews in KELOWNA ROCKETS zone.
6:27 of 3rd period - Shot by J.T. Compher.
6:27 of 3rd period - Shot Misses the Net.
6:29 of 3rd period - Shot by Derick Brassard.
6:29 of 3rd period - Shot Misses the Net.
7:38 of 3rd period - Shot by James van Riemsdyk.
7:38 of 3rd period - Deflect By Evgeny Kuznetsov.
7:38 of 3rd period - Shot Misses the Net.
7:40 of 3rd period - Shot by Nate Schmidt.
7:40 of 3rd period - Shot Misses the Net.
7:48 of 3rd period - Shot by Evgeny Kuznetsov.
7:48 of 3rd period - Stopped by Darcy Kuemper without a rebound.
7:49 of 3rd period - Steven Stamkos wins face-off versus Anthony Cirelli in LONG BEACH BARACUDAS zone.
8:04 of 3rd period - Shot by Brendan Gallagher.
8:04 of 3rd period - Stopped by Tuukka Rask without a rebound.
8:05 of 3rd period - Evgeny Kuznetsov wins face-off versus Nolan Patrick in KELOWNA ROCKETS zone.
9:30 of 3rd period - Shot by Vladimir Tarasenko.
9:30 of 3rd period - Stopped by Darcy Kuemper without a rebound.
9:31 of 3rd period - Sidney Crosby wins face-off versus Anthony Cirelli in LONG BEACH BARACUDAS zone.
9:31 of 3rd period - Sidney Crosby is hit by Pavel Buchnevich.
11:06 of 3rd period - Off-side.
11:07 of 3rd period - James van Riemsdyk wins face-off versus Steven Stamkos in neutral zone.
11:21 of 3rd period - Shot by Evgeny Kuznetsov.
11:21 of 3rd period - Deflect By James van Riemsdyk.
11:21 of 3rd period - Stopped by Darcy Kuemper without a rebound.
11:22 of 3rd period - Anthony Cirelli wins face-off versus Derick Brassard in LONG BEACH BARACUDAS zone.
11:35 of 3rd period - Shot by Alexander Ovechkin.
11:35 of 3rd period - Shot Misses the Net.
11:54 of 3rd period - Minor Penalty to Derick Brassard for Tripping.
11:55 of 3rd period - Alexander Ovechkin wins face-off versus Elias Lindholm in LONG BEACH BARACUDAS zone.
12:01 of 3rd period - Shot by Nate Schmidt.
12:01 of 3rd period - Shot Blocked by Jordan Oesterle.
13:27 of 3rd period - Shot by Evgeny Kuznetsov.
13:27 of 3rd period - Goal by Evgeny Kuznetsov - LONG BEACH BARACUDAS : 2 - KELOWNA ROCKETS : 3.
13:28 of 3rd period - Colby Cave wins face-off versus Brendan Gallagher in neutral zone.
13:41 of 3rd period - Brendan Gallagher is hit by Chris Tanev and loses puck.
13:47 of 3rd period - Drew Doughty is hit by Ben Hutton and loses puck.
13:50 of 3rd period - Shot by Joakim Nordstrom.
13:50 of 3rd period - Stopped by Darcy Kuemper without a rebound.
13:51 of 3rd period - Auston Matthews wins face-off versus Nolan Patrick in LONG BEACH BARACUDAS zone.
14:04 of 3rd period - Shot by Tyler Bertuzzi.
14:04 of 3rd period - Shot Blocked by Jordan Oesterle.
14:16 of 3rd period - Shot by Kyle Palmieri.
14:16 of 3rd period - Stopped by Tuukka Rask without a rebound.
14:17 of 3rd period - Evgeny Kuznetsov wins face-off versus Steven Stamkos in KELOWNA ROCKETS zone.
14:51 of 3rd period - Shot by Brendan Gallagher.
14:51 of 3rd period - Stopped by Tuukka Rask without a rebound.
14:52 of 3rd period - Sidney Crosby wins face-off versus Anthony Cirelli in KELOWNA ROCKETS zone.
15:11 of 3rd period - Shot by Taylor Hall.
15:11 of 3rd period - Shot Misses the Net.
15:13 of 3rd period - Shot by Sidney Crosby.
15:13 of 3rd period - Goal by Sidney Crosby - LONG BEACH BARACUDAS : 3 - KELOWNA ROCKETS : 3.
15:14 of 3rd period - Nolan Patrick wins face-off versus Auston Matthews in neutral zone.
15:47 of 3rd period - Shot by Vladimir Tarasenko.
15:47 of 3rd period - Stopped by Darcy Kuemper with a rebound.
15:49 of 3rd period - Shot by Auston Matthews.
15:49 of 3rd period - Stopped by Darcy Kuemper without a rebound.
15:50 of 3rd period - Steven Stamkos wins face-off versus Anthony Cirelli in LONG BEACH BARACUDAS zone.
16:13 of 3rd period - Shot by Alexander Ovechkin.
16:13 of 3rd period - Stopped by Darcy Kuemper without a rebound.
16:14 of 3rd period - Sidney Crosby wins face-off versus Evgeny Kuznetsov in LONG BEACH BARACUDAS zone.
17:01 of 3rd period - Shot by Elias Lindholm.
17:01 of 3rd period - Shot Misses the Net.
17:27 of 3rd period - Shot by Brendan Gallagher.
17:27 of 3rd period - Stopped by Tuukka Rask with a rebound.
17:29 of 3rd period - Shot by Brandon Montour.
17:29 of 3rd period - Stopped by Tuukka Rask with a rebound.
17:41 of 3rd period - Shot by Steven Stamkos.
17:41 of 3rd period - Stopped by Tuukka Rask without a rebound.
17:42 of 3rd period - Nolan Patrick wins face-off versus Anthony Cirelli in KELOWNA ROCKETS zone.
17:43 of 3rd period - Shot by J.T. Compher.
17:43 of 3rd period - Shot Misses the Net.
17:47 of 3rd period - Shot by Nolan Patrick.
17:47 of 3rd period - Shot Misses the Net.
17:51 of 3rd period - Shot by Kyle Palmieri.
17:51 of 3rd period - Stopped by Tuukka Rask without a rebound.
17:51 of 3rd period - Minor Penalty to Tuukka Rask for Delaying the game.
17:52 of 3rd period - Derick Brassard wins face-off versus Auston Matthews in KELOWNA ROCKETS zone.
18:01 of 3rd period - Shot by J.T. Compher.
18:01 of 3rd period - Shot Misses the Net.
18:09 of 3rd period - Shot by Brendan Gallagher.
18:09 of 3rd period - Shot Misses the Net.
19:28 of 3rd period - Shot by Nick Bjugstad.
19:28 of 3rd period - Stopped by Darcy Kuemper without a rebound.
19:29 of 3rd period - Steven Stamkos wins face-off versus Auston Matthews in LONG BEACH BARACUDAS zone.
19:43 of 3rd period - Shot by J.T. Compher.
19:43 of 3rd period - Shot Misses the Net.
19:45 of 3rd period - Shot by Brendan Gallagher.
19:45 of 3rd period - Shot Blocked by Drew Doughty.
Goals for this period are 1 for LONG BEACH BARACUDAS vs 1 for KELOWNA ROCKETS.
Shots for this period are 15 for LONG BEACH BARACUDAS vs 10 for KELOWNA ROCKETS.

Overtime #1


0:01 of 1st overtime period - Sidney Crosby wins face-off versus Colby Cave in neutral zone.
0:58 of 1st overtime period - Shot by Alexander Ovechkin.
0:58 of 1st overtime period - Stopped by Darcy Kuemper without a rebound.
0:59 of 1st overtime period - Elias Lindholm wins face-off versus Auston Matthews in LONG BEACH BARACUDAS zone.
1:16 of 1st overtime period - Shot by Elias Lindholm.
1:16 of 1st overtime period - Shot Misses the Net.
1:34 of 1st overtime period - Shot by Alexander Ovechkin.
1:34 of 1st overtime period - Stopped by Darcy Kuemper with a rebound.
1:36 of 1st overtime period - Shot by Jonas Siegenthaler.
1:36 of 1st overtime period - Shot Misses the Net.
2:00 of 1st overtime period - Shot by Joakim Nordstrom.
2:00 of 1st overtime period - Goal by Joakim Nordstrom - LONG BEACH BARACUDAS : 3 - KELOWNA ROCKETS : 4.
Goals for this period are 0 for LONG BEACH BARACUDAS vs 1 for KELOWNA ROCKETS.
Shots for this period are 0 for LONG BEACH BARACUDAS vs 3 for KELOWNA ROCKETS.


SEBASTIAN
AHO
MARK
SCHEIFELE
JAKE
OETTINGER

EAST COAST

HOCKEY LEAGUE

  • 17.QUE3CHI2
  • 18.CHA2LIM4
  • 19.TRV3LON2
  • 20.CHW1BAL2
  • 21.PITMAN
  • 22.ATLNHW
  • 23.WORPET
  • 24.RHI